 Dungeon Crawl Stone Soup version 0.13-a0-2907-g70ca29e (webtiles) character file.

54930 JacquesDerrida the Fencer (level 14, 13/127 HPs)
             Began as a Naga Ice Elementalist on Aug 30, 2013.
             Was a High Priest of Okawaru.
             Quit the game on Level 1 of the Abyss on Aug 31, 2013.
             The game lasted 02:02:35 (25386 turns).

JacquesDerrida the Fencer (Naga Ice Elementalist)  Turns: 25386, Time: 02:02:35

HP  13/127       AC 19     Str 12 (13) XL: 14   Next: 68%
MP  11/24        EV 10     Int 18      God: Okawaru [*****.]
Gold 1509        SH 13     Dex 10 (12) Spells:  5 memorised,  7 levels left

Res.Fire  : . . .   See Invis. : +   e - +5,+8 long sword "Kirei" {freeze, rElec}
Res.Cold  : + . .   Warding    : .   I - +1 robe {rC+}
Life Prot.: + . .   Conserve   : +   (no shield)
Res.Poison: +       Res.Corr.  : +   (no helmet)
Res.Elec. : +       Clarity    : .   d - +2 dwarf cloak {rCorr, Cons}
Sust.Abil.: . .     Spirit.Shd : .   H - +1 pair of gloves
Res.Mut.  : .       Stasis     : .   (no barding)
Res.Rott. : .       Flight     : .   E - amulet of the gourmand
Gourmand  : +                        P - ring of positive energy
                                     O - ring of wizardry

@: icy armour, very slow, quite resistant to hostile enchantments, very stealthy
A: spit poison, constrict 1, stinger 1, see invisible, deformed body, herbivore
1, fast metabolism 1, poison resistance, slowness 2, AC +4
a: Spit Poison, Heroism, Finesse, Renounce Religion


You were on level 1 of the Abyss.
You worshipped Okawaru.
Okawaru was exalted by your worship.
You were not hungry.

You visited 3 branches of the dungeon, and saw 23 of its levels.
You visited the Abyss 1 time.
You also visited: Labyrinth and Sewer.

You collected 1602 gold pieces.
You spent 113 gold pieces at shops.

Inventory:

Hand weapons
 c - the +10,+9 scimitar of Onocla {antimagic, Str+2}
   (Okawaru gifted it to you on level 3 of the Lair of Beasts)

   It disrupts the flow of magical energy around spellcasters and certain
   magical creatures (including the wielder).
   It affects your strength (+2).
 e - the +5,+8 long sword "Kirei" (weapon) {freeze, rElec}
   (You found it on level 4 of the Dungeon)

   It has been specially enchanted to freeze those struck by it, causing extra
   injury to most foes and up to double damage against particularly susceptible
   opponents.
   It can also slow down cold-blooded creatures.
   It insulates you from electricity.
 k - a +2,+0 scimitar of flaming
Armour
 d - a +2 dwarven cloak of preservation (worn)
 u - a +0 steam dragon hide
 H - a +1 pair of gloves (worn)
 I - a +1 robe of cold resistance (worn)
Magical devices
 o - a wand of digging (14)
 V - a wand of disintegration (0)
 W - a wand of fire (4)
Comestibles
 b - an apple
 f - 6 meat rations
 h - a bread ration
Scrolls
 l - 3 scrolls of recharging {unknown}
 p - 3 scrolls of identify
 q - a scroll of fear
 r - 4 scrolls of remove curse
 s - a scroll of teleportation
 t - a scroll of vorpalise weapon {unknown}
 x - a scroll of fog
 A - a scroll of silence
Jewellery
 E - an amulet of the gourmand (around neck)
 O - a ring of wizardry (left hand)
 P - a ring of positive energy (right hand)
 Q - the amulet "Brusm" {Ward rC- rN+ Acc+6}
   (You found it on level 11 of the Dungeon)

   [amulet of warding]

   It affects your accuracy (+6).
   It makes you vulnerable to cold.
   It protects you from negative energy.
 X - an uncursed ring of teleportation
Potions
 a - 3 potions of restore abilities
 g - 4 potions of curing
 j - 2 potions of invisibility
 m - 2 potions of speed
 n - a potion of heal wounds
 z - 2 potions of flight
Miscellaneous
 w - a bottled efreet
Rods
 y - a +0 rod of demonology (13/13)
   (You found it on level 6 of the Lair of Beasts)
 Y - a +3 lightning rod (14/14)
   (You found it in a labyrinth)


   Skills:
 - Level 12.0 Fighting
 - Level 17.0 Long Blades
 - Level 6.2 Armour
 - Level 3.2 Dodging
 + Level 8.4 Stealth
 - Level 3.9 Spellcasting
   Level 1.0 Conjurations
 - Level 8.8 Ice Magic


You had 7 spell levels left.
You knew the following spells:

 Your Spells              Type           Power        Failure   Level  Hunger
a - Freeze                Ice            ####         1%          1    None
b - Ozocubu's Armour      Chrm/Ice       ###.......   3%          3    ###....
c - Condensation Shield   Ice            #####.....   1%          4    ####...
d - Regeneration          Chrm/Necr      #.........   26%         3    ###....
e - Swiftness             Chrm/Air       #.........   11%         2    ##.....


Dungeon Overview and Level Annotations

Branches:
Dungeon (14/27)            Temple (1/1) D:5             Orc (0/4) D:7
   Lair (8/8) D:13          Swamp (0/5) Lair:6       Spider (0/5) Lair:3
  Slime (0/6) Lair:8

Altars:
Ashenzari
Cheibriados
Elyvilon
Fedhas
Kikubaaqudgha
Makhleb
Nemelex Xobeh
Okawaru
Sif Muna
Trog
Vehumet
Xom
Yredelemnul
Zin
the Shining One

Shops:
D:5 [

Portals:
Ziggurat: D:5 (3700 gp)

Annotations:
D:4 tele gold
D:5 holy scourge
D:12 Erica
D:14 Louise


Innate Abilities, Weirdness & Mutations

You cannot wear boots.
You can spit poison.
You can use your snake-like lower body to constrict enemies.
Your serpentine skin is tough (AC +4).
You have supernaturally acute eyesight.
Armour fits poorly on your strangely shaped body.
Your system is resistant to poisons.
You cover ground very slowly.
Your tail ends in a poisonous barb.
You digest meat inefficiently.
You have a fast metabolism.


Message History

A spatial vortex comes into view.
A spatial maelstrom comes into view.
You slash the hellwing! You freeze the hellwing. You grab the hellwing.
The hellwing is heavily wounded.
You constrict the hellwing.
The hellwing hits you but does no damage.
The hellwing closely misses you.
A spatial vortex comes into view.
Unknown command.
You release your grip on the hellwing.
The spatial maelstrom hits you!
* * * LOW HITPOINT WARNING * * *
The power of the Abyss keeps you in your place!
The spatial maelstrom hits you!
* * * LOW HITPOINT WARNING * * *
Found 14 darts of dispersal.
A spatial vortex comes into view.
You feel yourself growing ill in the presence of the ancient zyme.
A thrashing horror and an ancient zyme come into view.
Unknown command.
Are you sure you want to abandon this character and quit the game? (Confirm with "yes".)

## ..#.. ..#..
###....##
#..§(#..
##.#...### #
..#...§X
#....###...#
#......@.#
####.#..#..#.#
......##.#..v
#.#.##... .#
#.# #...§ ..
#q ..#.#. # .
x#...#. § #.#.


You could see a deep dwarf berserker (wandering), an ancient zyme (wandering)
and a thrashing horror.

Vanquished Creatures
  A minotaur (Lab)
  Harold (D:10)
  A hydra (Lair:3)
  A catoblepas (Lair:3)
  2 large abominations (Abyss:1)
  A giant orange brain (Abyss:1)
  An unseen horror (Abyss:1)
  5 hill giants
  3 griffons
  2 black mambas
  15 elephants
  9 spiny frogs
  3 smoke demons (Abyss:1)
  7 komodo dragons
  Grinder (D:5)
  2 ancient zymes (Abyss:1)
  4 fire drakes
  A spriggan (D:7)
  A hellwing (Abyss:1)
  24 blink frogs
  2 trolls
  Prince Ribbit (D:5)
  A boulder beetle (Lair:4)
  4 basilisks
  2 wraiths
  38 yaks
  3 starcursed masses (Abyss:1)
  A wyvern (D:9)
  2 ynoxinuls (Abyss:1)
  A neqoxec (Abyss:1)
  Eustachio (D:8)
  A hill giant zombie (D:7)
  6 hippogriffs
  4 vampire mosquitoes (Lair:6)
  4 hungry ghosts
  A steam dragon (D:7)
  Edmund (D:6)
  A rock worm (Lair:8)
  A mottled dragon (D:14)
  A manticore (D:14)
  9 orc warriors
  2 hell hounds (Abyss:1)
  A soldier ant (D:12)
  Purgy (Sewer)
  5 ice beasts
  3 yellow wasps
  8 porcupines
  3 necrophages
  9 phantoms
  6 sky beasts
  4 ogres
  5 small abominations (Abyss:1)
  12 crocodiles
  6 centaurs
  2 lava worms (Lair:7)
  Sigmund (D:6)
  A big kobold (D:13)
  Duvessa (D:5)
  3 boring beetles
  8 giant slugs
  A yaktaur skeleton (D:11)
  9 water moccasins
  8 agate snails
  An agate snail simulacrum (D:14)
  A gnoll sergeant (D:8)
  17 giant frogs
  An eye of draining (D:13)
  A cyclops skeleton (D:11)
  27 killer bees
  A giant goldfish zombie (D:8)
  2 lava fish (Lair:7)
  A hippogriff zombie (D:6)
  8 wights
  14 crimson imps
  A centaur zombie (D:11)
  A yak skeleton (D:9)
  4 goliath beetles
  13 hounds
  3 lava snakes (Lair:7)
  2 orc priests
  Dowan (D:5)
  A quasit (D:8)
  4 scorpions
  An iron imp (D:8)
  2 jellies
  4 spiders (Lair:3)
  A water moccasin zombie (D:9)
  9 iguanas
  11 orc wizards
  16 worker ants
  A water moccasin skeleton (D:8)
  6 sheep (Lair:6)
  A brain worm zombie (Abyss:1)
  A crocodile zombie (D:9)
  7 ogre zombies (D:7)
  A mummy (D:8)
  24 adders
  77 green rats
  6 giant centipedes
  5 gnolls (D:8)
  A big fish zombie (D:8)
  A lemure (Abyss:1)
  4 giant mites
  An inept item mimic (D:6)
  An inept feature mimic (D:3)
  4 worms
  2 ufetubi
  An adder zombie (D:8)
  A scorpion zombie (D:4)
  6 giant eyeballs
  7 giant geckos
  2 oozes (Lair:8)
  34 orcs
  25 bats
  2 bat skeletons
  7 giant cockroaches
  15 goblins
  18 hobgoblins
  27 jackals
  17 kobolds
  13 quokkas
  A ball python (D:4)
  A giant gecko zombie (D:8)
  5 giant newts
  A giant spore (D:10)
  A goblin skeleton (D:7)
  3 goblin zombies (D:7)
  4 hobgoblin skeletons
  3 hobgoblin zombies (D:7)
  A kobold skeleton (D:8)
  5 orc skeletons
  12 orc zombies (D:7)
  2 quokka skeletons (D:5)
  33 rats
  A rat zombie (D:5)
  12 ballistomycetes (D:10)
820 creatures vanquished.

Vanquished Creatures (collateral kills)
  A black mamba (Lair:3)
  A basilisk (Lair:3)
  4 hounds (Lair:2)
  4 sheep (Lair:2)
  11 green rats
  4 humans (Lair:2)
  8 jackals
33 creatures vanquished.

Vanquished Creatures (others)
  An efreet (Lair:3)
  A kobold (D:13)
  A quokka (D:13)
  A giant spore (D:10)
  A lurking horror (Abyss:1)
  6 fungi
  2 starspawn tentacles (Abyss:1)
  6 starspawn tentacle segments (Abyss:1)
19 creatures vanquished.

Grand Total: 872 creatures vanquished

Notes
Turn   | Place    | Note
--------------------------------------------------------------
     0 | D:1      | JacquesDerrida, the Naga Ice Elementalist, began the quest for the Orb.
     0 | D:1      | Reached XP level 1. HP: 15/15 MP: 3/3
   348 | D:1      | Reached XP level 2. HP: 20/22 MP: 2/4
  1057 | D:1      | Reached XP level 3. HP: 21/28 MP: 6/6
  1288 | D:2      | Reached skill level 4 in Ice Magic
  1521 | D:2      | Reached XP level 4. HP: 2/36 MP: 4/8
  2079 | D:3      | Reached skill level 5 in Ice Magic
  2079 | D:3      | Reached XP level 5. HP: 42/42 MP: 5/9
  2252 | D:3      | Noticed a phantom
  2308 | D:3      | Reached skill level 1 in Long Blades
  2373 | D:3      | Found a radiant altar of Vehumet.
  2376 | D:3      | Found an ancient bone altar of Kikubaaqudgha.
  2846 | D:4      | Got a faintly glowing long sword
  2853 | D:4      | Identified the long sword "Kirei" {freeze, rElec} (You found it on level 4 of the Dungeon)
  2941 | D:4      | Learned a level 3 spell: Ozocubu's Armour
  2946 | D:4      | Learned a level 4 spell: Condensation Shield
  2984 | D:4      | Reached XP level 6. HP: 38/49 MP: 3/11
  3175 | D:4      | Noticed a phantom
  3196 | D:4      | Killed a phantom
  3390 | D:4      | Reached skill level 5 in Long Blades
  3390 | D:4      | Reached XP level 7. HP: 52/55 MP: 7/12
  3420 | D:4      | Reached skill level 6 in Long Blades
  3932 | D:4      | Reached skill level 7 in Long Blades
  4200 | D:4      | Reached XP level 8. HP: 52/62 MP: 3/14
  4278 | D:5      | Entered Level 5 of the Dungeon
  4515 | D:5      | Reached skill level 8 in Long Blades
  4559 | D:5      | Found Witzioh's Antique Armour Shoppe.
  4577 | D:5      | Bought an orcish buckler for 52 gold pieces
  4577 | D:5      | Bought an orcish leather armour for 41 gold pieces
  4577 | D:5      | Bought a runed orcish cloak for 20 gold pieces
  4599 | D:5      | Noticed Dowan
  4605 | D:5      | Noticed Prince Ribbit
  4628 | D:5      | Killed Prince Ribbit
  4916 | D:5      | Killed Dowan
  5087 | D:5      | Noticed Grinder
  5110 | D:5      | Killed Grinder
  5110 | D:5      | Reached skill level 9 in Long Blades
  5121 | D:5      | Found a gateway to a ziggurat.
  5121 | D:5      | Noticed an angel
  5137 | D:5      | Reached XP level 9. HP: 55/68 MP: 10/15
  5322 | D:5      | Found a staircase to the Ecumenical Temple.
  5330 | Temple   | Entered the Ecumenical Temple
  5591 | Temple   | Became a worshipper of Warmaster Okawaru
  5664 | D:5      | Noticed Duvessa
  5678 | D:5      | Killed Duvessa
  6035 | D:5      | Reached skill level 10 in Long Blades
  6041 | D:5      | Found a glowing drain.
  6055 | Sewer    | Entered a sewer
  6097 | Sewer    | Noticed Purgy
  6108 | Sewer    | Killed Purgy
  6697 | D:6      | Acquired Okawaru's first power
  6697 | D:6      | Reached skill level 11 in Long Blades
  6889 | D:6      | Noticed Sigmund
  6901 | D:6      | Killed Sigmund
  7104 | D:6      | Noticed Edmund
  7129 | D:6      | Killed Edmund
  7129 | D:6      | Reached skill level 12 in Long Blades
  7129 | D:6      | Reached XP level 10. HP: 51/75 MP: 11/17
  7251 | D:7      | Reached skill level 1 in Fighting
  7682 | D:7      | Found a staircase to the Orcish Mines.
  7807 | D:7      | Paralysed by a giant eyeball for 4 turns
  7892 | D:7      | Got a faintly humming scale mail
  7903 | D:7      | Identified the +3 scale mail "Vuigoly" {Int-1 Dam-1} (You found it on level 7 of the Dungeon)
  8555 | D:8      | Reached skill level 5 in Armour
  8749 | D:8      | Paralysed by a giant eyeball for 2 turns
  8756 | D:8      | Noticed Eustachio
  8758 | D:8      | Reached XP level 11. HP: 77/88 MP: 11/18
  8768 | D:8      | Killed Eustachio
  8863 | D:8      | Reached skill level 5 in Fighting
  8866 | D:8      | Found a basalt altar of Yredelemnul.
  9845 | D:10     | Entered Level 10 of the Dungeon
 10108 | D:10     | Noticed a hill giant
 10117 | D:10     | Killed a hill giant
 10171 | D:10     | Noticed Harold
 10244 | D:10     | Killed Harold
 10254 | D:10     | Acquired Okawaru's second power
 10791 | D:10     | Noticed a hill giant
 10797 | D:10     | Killed a hill giant
 11054 | D:11     | Reached skill level 13 in Long Blades
 11231 | D:11     | Learned a level 3 spell: Regeneration
 11662 | D:11     | Got a shimmering ruby amulet
 11706 | D:11     | Noticed a hill giant
 11723 | D:11     | Killed a hill giant
 11932 | D:12     | Noticed Erica
 12130 | D:12     | Identified the amulet "Brusm" {Ward rC- rN+ Acc+6} (You found it on level 11 of the Dungeon)
 12294 | D:12     | Noticed a hill giant
 12308 | D:12     | Killed a hill giant
 12308 | D:12     | Received a gift from Okawaru
 12308 | D:12     | Reached XP level 12. HP: 50/99 MP: 6/19
 12494 | D:12     | Noticed a hill giant
 12509 | D:12     | Killed a hill giant
 12509 | D:12     | Reached skill level 14 in Long Blades
 12522 | D:12     | Found a shimmering altar of Xom.
 12879 | D:12     | Noticed a skeletal warrior
 12879 | D:12     | Noticed a skeletal warrior
 13190 | D:13     | Found a white marble altar of Elyvilon.
 13239 | D:13     | Found a staircase to the Lair.
 13299 | Lair:1   | Entered Level 1 of the Lair of Beasts
 13387 | Lair:1   | Found a labyrinth entrance.
 13417 | Lab      | Entered a labyrinth
 13719 | Lab      | Noticed a minotaur
 13736 | Lab      | Killed a minotaur
 13736 | Lab      | Reached skill level 15 in Long Blades
 13743 | Lab      | Got a dazzling scale mail
 13743 | Lab      | Got a pitted scale mail
 13755 | Lab      | Identified the cursed +5 scale mail of the Loofah {rF+} (You found it in a labyrinth)
 13771 | Lab      | Identified the cursed +0 scale mail of Xom's Indignation {rElec} (You found it in a labyrinth)
 13799 | Lab      | Identified the Papyrus of the Oath (You found it in a labyrinth)
 13805 | Lab      | Learned a level 2 spell: Swiftness
 13816 | Lab      | Got a fine broad axe
 13817 | Lab      | Identified the broad axe "Detamewn" {chop, rC+ Str+3} (You found it in a labyrinth)
 14247 | Lair:1   | Gained mutation: You digest meat inefficiently. [potion of mutation]
 14247 | Lair:1   | Gained mutation: Your tail ends in a poisonous barb. [potion of mutation]
 16086 | Lair:3   | Received a gift from Okawaru
 16089 | Lair:3   | Got an ichor-stained scimitar {god gift}
 16091 | Lair:3   | Identified the scimitar of Onocla {god gift, antimagic, Str+2} (Okawaru gifted it to you on level 3 of the Lair of Beasts)
 16326 | Lair:3   | Reached XP level 13. HP: 98/110 MP: 16/23
 16331 | Lair:3   | Found a hole to the Spider Nest.
 16399 | Lair:3   | Noticed a four-headed hydra
 16406 | Lair:3   | Killed a hydra
 16595 | Lair:4   | Upgraded the game from 0.13-a0-2899-gc7fce8a to 0.13-a0-2907-g70ca29e
 18192 | Lair:4   | Received a gift from Okawaru
 18195 | Lair:4   | Got an obsidian-studded ring mail {god gift}
 18206 | Lair:4   | Identified the -2 ring mail of the Thunderstorm {Dex+2 Int+2} (Okawaru gifted it to you on level 4 of the Lair of Beasts)
 18589 | Lair:5   | Reached skill level 10 in Fighting
 19116 | Lair:6   | Identified a +0 rod of demonology (13/13) (You found it on level 6 of the Lair of Beasts)
 19943 | Lair:6   | Found a staircase to the Swamp.
 20097 | Lair:6   | Reached skill level 16 in Long Blades
 20538 | Lair:7   | Paralysed by a potion of paralysis for 7 turns
 21155 | Lair:7   | Reached XP level 14. HP: 100/124 MP: 16/24
 21181 | Lair:7   | Received a gift from Okawaru
 21184 | Lair:7   | Got a warped broad axe {god gift}
 21185 | Lair:7   | Identified the broad axe of Zamuig {god gift, chop, +Inv +Fly} (Okawaru gifted it to you on level 7 of the Lair of Beasts)
 21349 | Lair:7   | Found a dark tunnel.
 21688 | Lair:8   | Entered Level 8 of the Lair of Beasts
 22582 | Lair:8   | Found a staircase to the Slime Pits.
 23695 | D:14     | Entered Level 14 of the Dungeon
 23871 | D:14     | Received a gift from Okawaru
 23914 | D:13     | Identified a +2 dwarven cloak of preservation (Okawaru gifted it to you on level 14 of the Dungeon)
 24296 | D:14     | Noticed Louise
 24330 | D:14     | Cast into the Abyss (Louise)
 24649 | Abyss:1  | Reached skill level 17 in Long Blades
 24717 | Abyss:1  | Noticed a tentacled starspawn
 24780 | Abyss:1  | Reached skill level 5 in Stealth
 24848 | Abyss:1  | Noticed a tentacled starspawn
 24942 | Abyss:1  | Noticed a Hell Sentinel
 24946 | Abyss:1  | Noticed a tentacled starspawn
 25239 | Abyss:1  | Gained mutation: You have a fast metabolism. [a neqoxec]
 25386 | Abyss:1  | Quit the game

Action                   |  1- 3 |  4- 6 |  7- 9 | 10-12 | 13-15 || total
-------------------------+-------+-------+-------+-------+-------++-------
Melee: Unarmed           |     2 |       |       |       |       ||     2
       Dagger            |    22 |    11 |       |       |       ||    33
       Long sword        |       |    39 |   291 |  1168 |   951 ||  2449
       Falchion          |       |    11 |       |       |       ||    11
       Scimitar          |       |       |       |     5 |     4 ||     9
 Cast: Freeze            |    46 |    48 |    28 |       |       ||   122
       Ozocubu's Armour  |       |     4 |    22 |    79 |    71 ||   176
       Condensation Shie |       |       |    14 |    59 |    71 ||   144
       Regeneration      |       |       |       |     4 |    14 ||    18
       Swiftness         |       |       |       |     1 |       ||     1
Invok: Heroism           |       |       |       |    10 |    11 ||    21
 Abil: Spit Poison       |       |    14 |    19 |     8 |    21 ||    62
Evoke: Wand              |       |       |     7 |    17 |    17 ||    41
       Rod               |       |       |       |     8 |     3 ||    11
       Miscellaneous     |       |       |       |     1 |       ||     1
  Use: Scroll            |       |     4 |     8 |    22 |     7 ||    41
       Potion            |       |       |     1 |     9 |     8 ||    18
 Stab: Sleeping          |     3 |     2 |     3 |    15 |     3 ||    26
       Distracted        |       |     1 |       |     1 |     2 ||     4
       Invisible         |       |       |       |       |    11 ||    11
